 Dungeon Crawl Stone Soup version 0.23.0-3-gf3c87f2 (webtiles) character file.

Game seed: 17469320000468048699

44 CrypticCrinoid the Skirmisher (level 3, -1/33 HPs)
             Began as a Draconian Berserker on Feb 22, 2019.
             Was a Believer of Trog.
             Slain by a centaur (3 damage)
             ... on level 2 of the Dungeon.
             The game lasted 00:18:39 (1386 turns).

CrypticCrinoid the Skirmisher (Draconian Berserker) Turns: 1386, Time: 00:18:40

Health: -1/33      AC:  6    Str: 20    XL:     3   Next: 41%
Magic:  3/3        EV: 12    Int:  7    God:    Trog [**....]
Gold:   35         SH:  0    Dex: 10    Spells: 2/2 levels left

rFire    . . .     SeeInvis .   i - +0 quarterstaff
rCold    . . .     Gourm    .   (shield currently unavailable)
rNeg     . . .     Faith    .   (armour unavailable)
rPois    .         Spirit   .   (helmet restricted)
rElec    .         Reflect  .   (no cloak)
rCorr    .         Harm     .   f - +0 pair of gloves
MR       .....                  (no boots)
Stlth    ++........             (no amulet)
HPRegen  0.11/turn              l - ring of stealth
MPRegen  0.08/turn              (no ring)

@: no status effects
A: unfitting armour, claws 1, talons 1, high mp 1, cold-blooded, AC +5
a: Berserk, Trog's Hand, Renounce Religion


You were on level 2 of the Dungeon.
You worshipped Trog.
Trog was pleased with you.
You were hungry.

You visited 1 branch of the dungeon, and saw 2 of its levels.

You collected 35 gold pieces.

Inventory:

Hand Weapons
 a - a +0 mace
 h - a +0 short sword
 i - a +0 quarterstaff (weapon)
 k - a +1 vampiric short sword
Missiles
 g - 11 stones (quivered)
 j - 21 poisoned needles
Armour
 f - a +0 pair of gloves (worn)
Jewellery
 l - a ring of stealth (left hand)
Scrolls
 d - a scroll of teleportation {unknown}
Comestibles
 b - 2 rations


   Skills:
 * Level 4.1 Fighting
 + Level 3.5 Maces & Flails
 - Level 3.0 Dodging


You had 2 spell levels left.
You didn't know any spells.
Your spell library was empty.

Dungeon Overview and Level Annotations

Branches:
Dungeon (2/15)

Altars:
Cheibriados


Innate Abilities, Weirdness & Mutations

Your plain brown scales are hard. (AC +5)
You cannot fit into any form of body armour.
You are cold-blooded and may be slowed by cold attacks.
You have sharp fingernails.
You have sharp toenails.
You have an increased reservoir of magic. (+10% MP)


Message History

The centaur unwields a +0 shortbow.
The centaur hits you!
You hit the centaur.
The centaur is moderately wounded.
The centaur hits you.
* * * LOW HITPOINT WARNING * * *
The centaur hits you.
* * * LOW HITPOINT WARNING * * *
It was a potion of mutation.
You feel extremely strange.
Your toenails lengthen and sharpen.
You feel more energetic.
Your fingernails lengthen.
The centaur misses you.
It was a potion of cancellation.
You feel magically purged. The centaur hits you.
* * * LOW HITPOINT WARNING * * *
The centaur barely misses you.
You hit the centaur. You claw the centaur, but do no damage.
You tail-slap the centaur, but do no damage.
The centaur is severely wounded.
The centaur hits you.
You die...

##...## ##.## #.# # #.#
#. ##'## ###.#####
##...## #.......#
##.....##
##.#.#c#.####.......##
#..?..@...##.........##
#..#..(.((.'.........+.
#......##.........##
##..#..###.......##
#.##..# ##(....## ...
..(# ##...## ........#
##+## ####.##### #.


You could see a centaur.

Vanquished Creatures
  An adder (D:2)
  2 leopard geckos
  4 bats
  A giant cockroach (D:1)
  6 goblins
  3 hobgoblins
  4 jackals (D:2)
  4 kobolds
  A ball python (D:2)
  2 frilled lizards (D:1)
  2 rats (D:1)
30 creatures vanquished.

Notes
Turn   | Place    | Note
-------+----------+-------------------------------------------
     0 | D:1      | CrypticCrinoid the Draconian Berserker began the quest for
                  | the Orb.
     0 | D:1      | Reached XP level 1. HP: 19/19 MP: 1/1
   318 | D:1      | Reached XP level 2. HP: 26/26 MP: 2/2
  1093 | D:2      | Reached ** piety under Trog
  1093 | D:2      | Reached skill level 4 in Fighting
  1093 | D:2      | Reached XP level 3. HP: 28/33 MP: 3/3
  1244 | D:2      | Found a snail-covered altar of Cheibriados.
  1377 | D:2      | Noticed a centaur
  1384 | D:2      | Gained mutation: You have sharp toenails. [potion of
                  | mutation]
  1384 | D:2      | Gained mutation: You have an increased reservoir of magic.
                  | (+10% MP) [potion of mutation]
  1384 | D:2      | Gained mutation: You have sharp fingernails. [potion of
                  | mutation]
  1386 | D:2      | Slain by a centaur

Skill      XL: |  1  2 |
---------------+-------+-----
Dodging        | 3 |  3.0
Fighting       | 4 |  4.1
Maces & Flails | |  3.5

Action                   || total
-------------------------++-------
Melee: Mace              ||    89
       Tailslap          ||     4
       Quarterstaff      ||     3
       Kick              ||     1
  Use: Potion            ||     2
 Stab: Sleeping          ||     1
  Eat: Chunk             ||     1
Armor: Skin              ||    43
Dodge: Dodged            ||    82
